 Dungeon Crawl Stone Soup version 0.30.0-18-gc0e69614cb (webtiles) character file.

Game seed: 5878325042824716869

130 Brutalitops the Sneak (level 4, -1/23 HPs)
             Began as a Spriggan Transmuter on May 25, 2023.
             Was a Believer of Ashenzari.
             Slain by a mummy (15 damage)
             ... in an ossuary.
             The game lasted 00:15:57 (2585 turns).

Brutalitops the Sneak (Spriggan Transmuter)         Turns: 2585, Time: 00:15:58

Health: -1/23      AC:  2    Str:  6    XL:     4   Next: 90%
Magic:  9/9        EV: 18    Int: 17    God:    Ashenzari [**....]
Gold:   173        SH:  0    Dex: 15    Spells: 2/8 levels left

rFire   . . .        e - +0 short sword of the Tethered Urgency {Melee, Cun} (curse)
rCold   . . .        (no shield)
rNeg    . . .        a - +0 robe of the Shackled Ether {Melee, Alch} (curse)
rPois   +            (helmet restricted)
rElec   .            (no cloak)
rCorr   .            (gloves unavailable)
SInv    +            (boots unavailable)
Will    +....        n - amulet "Hekluoro" {Harm rPois Regen+ Dex-2}
Stlth   +++          h - ring of Ashenzari's Scepticism {Will+ Int+3, Bglg, Alch} (curse)
HPRegen 1.03/turn    (no ring)
MPRegen 0.11/turn

%: harm (+30% outgoing, +20% incoming)
@: very quick
A: very small, no large weapons, unfitting armour, see invisible, speed 3
a: Renounce Religion, Shatter the Chains


You were in an ossuary.
You worshipped Ashenzari.
Ashenzari was pleased with you.
You visited 1 branch of the dungeon, and saw 4 of its levels.
You also visited: Ossuary.

You collected 173 gold pieces.

Inventory:

Hand Weapons
 c - a +0 hand axe
 e - the cursed +0 short sword of the Tethered Urgency (weapon) {Melee, Cun}
   (You took it off a kobold on level 1 of the Dungeon)

   It has a curse which improves the following skills: Melee Combat: Short
   Blades, Long Blades, Axes, Maces & Flails, Polearms, Staves and Unarmed
   Combat.
   Cunning:   Dodging and Stealth.
Missiles
 g - 4 boomerangs (quivered)
Armour
 a - the cursed +0 robe of the Shackled Ether (worn) {Melee, Alch}

   It has a curse which improves the following skills: Melee Combat: Short
   Blades, Long Blades, Axes, Maces & Flails, Polearms, Staves and Unarmed
   Combat.
   Alchemy:   Poison Magic and Transmutations.
Jewellery
 h - the cursed ring of Ashenzari's Scepticism (left hand) {Will+ Int+3, Bglg, Alch}
   (You found it on level 3 of the Dungeon)

   [ring of willpower]

   Int:       It affects your intelligence (+3).
   Will:      It increases your willpower.
   It has a curse which improves the following skills: Beguiling: Conjurations,
   Hexes and Translocations.
   Alchemy:   Poison Magic and Transmutations.
 n - the amulet "Hekluoro" (around neck) {Harm rPois Regen+ Dex-2}
   (You found it on level 4 of the Dungeon)

   [amulet of regeneration]

   Dex:       It affects your dexterity (-2).
   rPois:     It protects you from poison.
   Regen:     It increases your rate of health regeneration.
   Harm:      It increases damage dealt and taken.
Scrolls
 l - a scroll of fog
 m - a scroll of teleportation
Potions
 b - a potion of lignification
 d - a potion of flight
 f - 2 potions of curing
 i - a potion of cancellation
 j - a potion of invisibility
 k - a potion of mutation


   Skills:
 + Level 1.8 Fighting
 + Level 2.9(4.4) Short Blades
 + Level 1.2(2.3) Axes
 + Level 0.5 Throwing
 - Level 2.6(3.6) Dodging
 + Level 3.1(4.1) Stealth
 + Level 2.4(3.8) Unarmed Combat
 - Level 2.6 Spellcasting
 + Level 2.6(4.1) Transmutations


You had 2 spell levels left.
You knew the following spells:

 Your Spells              Type           Power      Damage    Failure   Level
a - Beastly Appendage     Tmut           32%        N/A       3%          1
b - Ensorcelled Hibernat  Hex/Ice        4%         N/A       26%         2
c - Spider Form           Tmut/Pois      9%         N/A       22%         3

Your spell library contained the following spells:

 Spells                   Type           Power      Damage    Failure   Level
 Wereblood                Tmut           16%        N/A       4%          2
 Ice Form                 Ice/Tmut       9%         N/A       61%         4
 Blade Hands              Tmut           8%         N/A       67%         5
 Anguish                  Hex/Necr       1%         N/A       87%         4
 Irradiate                Conj/Tmut      4%         3d13      91%         5
 Dragon Form              Tmut           8%         N/A       100%        7


Dungeon Overview and Level Annotations

Branches:
Dungeon (4/15)            Ossuary (1/1)
 Temple: D:4-7

Altars:
Ashenzari


Innate Abilities, Weirdness & Mutations

You are very small and have problems with some larger weapons.
You are too small for most types of armour.
You have supernaturally acute eyesight. (SInv)
You cover ground extremely quickly. (Speed+++)


Message History

You hit the elf zombie.
The elf zombie is almost destroyed.
The elf zombie closely misses you.
You closely miss the elf zombie.
The elf zombie is almost destroyed.
The elf zombie hits you.
You closely miss the elf zombie.
The elf zombie is almost destroyed.
You hit the elf zombie.
The elf zombie is almost destroyed.
The elf zombie barely misses you.
You closely miss the elf zombie.
The elf zombie is almost destroyed.
You closely miss the elf zombie.
The elf zombie is almost destroyed.
The elf zombie hits you but does no damage.
You barely miss the elf zombie.
The elf zombie is almost destroyed.
You completely miss the mummy. You hit the mummy but do no damage.
You hit the mummy but do no damage. You hit the mummy but do no damage.
The mummy hits you!
Ouch! That really hurt!
* * * LOW HITPOINT WARNING * * *
You feel better.
You hit the mummy.
The mummy is lightly damaged.
The mummy misses you.
You barely miss the mummy.
The mummy is lightly damaged.
You completely miss the mummy.
The mummy is lightly damaged.
The mummy barely misses you.
You hit the mummy but do no damage.
The mummy is lightly damaged.
You hit the mummy.
The mummy is moderately damaged.
The mummy hits you!
Ouch! That really hurt!
You die...

##.........##
#...........#
##.........##
#..........Z#
##.........##
#Z...ZZ.....#
#####ZZZ#####
##M## #@#
##.## *#$$$#
#$$$$$#
#$$$$$#
#$$$$$#
##$$$## #####


You could see a mummy, 2 gnoll zombies and 3 elf zombies.

Vanquished Creatures
  A hound (D:3)
  A mummy (Ossuary)
  2 adders
  A worm (D:2)
  2 dart slugs
  An orc (D:3)
  4 endoplasms
  2 giant cockroaches
  2 gnoll zombies (Ossuary)
  5 goblins
  3 hobgoblins
  4 jackals (D:1)
  5 quokkas
  4 ball pythons
  5 bats
  4 frilled lizards
  A goblin zombie (D:4)
  2 hobgoblin zombies (Ossuary)
  8 kobolds
  An orc zombie (Ossuary)
  3 rats (D:2)
  A rat zombie (D:4)
62 creatures vanquished.

Notes
Turn   | Place    | Note
-------+----------+-------------------------------------------
     0 | D:1      | Brutalitops the Spriggan Transmuter began the quest for the
                  | Orb.
     0 | D:1      | Reached XP level 1. HP: 9/9 MP: 5/5
    56 | D:1      | Reached skill level 1 in Fighting
   157 | D:1      | Reached XP level 2. HP: 10/14 MP: 6/6
   205 | D:1      | Reached skill level 1 in Stealth
   346 | D:1      | Reached skill level 1 in Axes
   638 | D:1      | Found a faded altar of an unknown god.
   646 | D:1      | Prayed at the altar of an unknown god.
   646 | D:1      | Became a worshipper of Ashenzari the Shackled
   694 | D:1      | Reached skill level 2 in Stealth
   694 | D:1      | Reached XP level 3. HP: 18/18 MP: 8/8
  1216 | D:2      | Reached skill level 1 in Short Blades
  1356 | D:2      | Reached * piety under Ashenzari
  1741 | D:3      | Reached XP level 4. HP: 23/23 MP: 9/9
  1747 | D:3      | Learned a level 2 spell: Ensorcelled Hibernation
  1764 | D:3      | Identified the ring of Limitation {Will+ Int+3}
  2033 | D:3      | Reached ** piety under Ashenzari
  2270 | D:4      | Identified the amulet "Hekluoro" {Harm rPois Regen+ Dex-2}
  2315 | D:4      | Learned a level 3 spell: Spider Form
  2362 | D:4      | Found a sand-covered staircase.
  2384 | Ossuary  | Entered an ossuary
  2520 | Ossuary  | Reached skill level 3 in Stealth
  2585 | Ossuary  | Slain by a mummy

Illustrated notes

Levels and vault maps discovered:
D:1:      dpeg_arrival_simpleton_a, layout_rooms,
          dreamdust_ecumenical_altar_grove, dk_noncrumbling_4
D:2:      layout_basic
D:3:      layout_rooms, minmay_box_of_dots
D:4:      layout_loops_corners, marbit_many_paths,
          minmay_temple_entry_mini_moons, enter_ossuary_4, serial_shops, shop,
          kennysheep_boxes, uniq_sigmund, uniq_crazy_yiuf_cottage, uniq_grinder
Ossuary:  minmay_ossuary_gauntlet

Skill      XL: |  1  2  3  4 |
---------------+-------------+-----
Fighting       | 1 |  1.8
Stealth        | 2 3 |  3.1
Axes           | 1 |  1.2
Short Blades   | 2 |  2.9
Throwing       | |  0.5
Dodging        | |  2.6
Unarmed Combat | |  2.4
Spellcasting   | |  2.6
Transmutations | |  2.6

Action                     |  1- 3 |  4- 6 || total
---------------------------+-------+-------++-------
  Melee: Hand axe          |    33 |       ||    33
         Short sword       |   117 |   167 ||   284
         Punch             |     6 |     7 ||    13
  Throw: Boomerang         |     2 |     4 ||     6
 Invoke: Curse Item        |     2 |     1 ||     3
    Use: Scroll            |     2 |       ||     2
         Potion            |       |     3 ||     3
   Stab: Sleeping          |     7 |     2 ||     9
 Armour: Robe              |    17 |     6 ||    23
  Dodge: Dodged            |   107 |    82 ||   189
